 Dungeon Crawl Stone Soup version 0.29-a0-870-g2c972031a6 (webtiles) character file.

Game seed: 7501537740100665567

456 Nato the Changer (level 7, -8/46 HPs)
             Began as an Octopode Transmuter on July 17, 2022.
             Mangled by an ice beast (11 damage)
             ... on level 5 of the Dungeon.
             The game lasted 00:09:15 (5035 turns).

Nato the Changer (Octopode Transmuter)              Turns: 5035, Time: 00:09:16

Health: -8/46      AC:  2    Str: 12    XL:     7   Next: 6%
Magic:  4/10       EV: 21    Int: 15    God:
Gold:   208        SH:  0    Dex: 17    Spells: 4/10 levels left

rFire   . . .      SeeInvis .     - Unarmed
rCold   . . .      Faith    .   (shield currently unavailable)
rNeg    + . .      Spirit   .   (helmet currently unavailable)
rPois   x          Reflect  .   (no amulet)
rElec   .          Harm     .   n - ring of positive energy
rCorr   .          Rampage  .   (no ring)
Will    .....                   (no ring)
Stlth   ++........              (no ring)
HPRegen 0.15/turn               (no ring)
MPRegen 0.12/turn               (no ring)
                                (no ring)
                                (no ring)

@: spider-form, very slightly contaminated
A: venomous fangs, almost no armour, (amphibious), 8 rings, tiny, (camouflage
1), (gelatinous body 1), (nimble swimmer 1), (tentacles)
a: End Transformation


You were on level 5 of the Dungeon.
You were a venomous arachnid creature.
You visited 1 branch of the dungeon, and saw 5 of its levels.

You collected 208 gold pieces.

Inventory:

Jewellery
 n - a ring of positive energy (left front leg)
Wands
 s - a wand of flame (18)
 u - a wand of polymorph (9)
Scrolls
 d - a scroll of teleportation
 f - 4 scrolls of blinking
 g - a scroll of identify {unknown}
 j - a scroll of magic mapping {unknown}
 l - a scroll of fog {unknown}
 o - a scroll of noise {unknown}
 q - a scroll of amnesia {unknown}
 t - a scroll of immolation {unknown}
Potions
 a - a potion of lignification
 b - a potion of attraction {unknown}
 c - a potion of might {unknown}
 e - a potion of haste {unknown}
 h - a potion of cancellation {unknown}
 i - a potion of brilliance {unknown}
 k - 4 potions of degeneration {unknown}
 m - 3 potions of curing {unknown}
 p - a potion of resistance {unknown}
 r - a potion of berserk rage {unknown}


   Skills:
 + Level 3.2 Fighting
 + Level 3.7 Dodging
 - Level 4.0 Unarmed Combat
 - Level 2.0 Spellcasting
 * Level 4.9 Transmutations
 - Level 1.0 Poison Magic


You had 4 spell levels left.
You knew the following spells:

 Your Spells              Type           Power      Damage    Failure   Level
a - Beastly Appendage     Tmut           32%        N/A       11%         1
b - Wereblood             Tmut           16%        N/A       13%         2
c - Spider Form           Tmut/Pois      10%        N/A       41%         3

Your spell library contained the following spells:

 Spells                   Type           Power      Damage    Failure   Level
 Necrotise                Necr           4%         1d4       43%         1
 Vampiric Draining        Necr           1%         2d6       75%         3
 Ice Form                 Ice/Tmut       8%         N/A       82%         4
 Agony                    Necr           1%         N/A       100%        5


Dungeon Overview and Level Annotations

Branches:
Dungeon (5/15)
 Temple: D:4-7

Altars:

Shops:
D:1 [

Annotations:
D:4 2 transporters, RevDB's ghost, amateur DrTm


Innate Abilities, Weirdness & Mutations

You are a venomous arachnid creature.
You have poisonous fangs.
You are tiny and dextrous.
Your spellcasting is less reliable in this form.
Your armour is entirely melded.
You are incapable of wielding weapons or throwing items.
You cannot wear most types of armour.
((You are amphibious.))
You can wear up to eight rings at the same time.
((Your skin changes colour to match your surroundings (Stealth+).))
((Your rubbery body absorbs attacks. (AC +1, EV +1)))
((You are camouflaged when in or above water. (Stealth+)))
((You have tentacles for arms and can constrict up to eight enemies at once.))


Message History

Your Fighting skill increases to level 3!
You tentacle-slap the adder. You grab the adder.
You pierce the adder.
You tentacle-slap the adder. You squeeze the adder.
You feel a bit better.
You kill the adder!
You barely miss the scorpion. Your grab misses the scorpion.
You pierce the scorpion.
You feel a bit better.
You kill the scorpion!
You have reached level 7!
You start resting.
Your tentacle spike disappears.
Your primal bloodlust is almost over.
You start resting.
Your primal bloodlust has ended.
You start resting.
Magic restored.
You start resting.
An ice beast comes into view.
An ice beast is nearby!
Casting: Wereblood (safe; 4% risk of failure)
Confirm with . or Enter, or press ? or * to list all spells.
You miscast Spider Form.
You are very lightly contaminated with residual magic.
Nothing appears to happen.
Casting: Spider Form (dangerous; 21% risk of failure)
Confirm with . or Enter, or press ? or * to list all spells.
You turn into a venomous arachnid creature.
The ice beast hits you. The ice beast freezes you!
You hit the ice beast.
The ice beast is lightly wounded.
The ice beast barely misses you.
You hit the ice beast.
The ice beast is poisoned.
The ice beast is moderately wounded.
The ice beast hits you. The ice beast freezes you!
* * * LOW HITPOINT WARNING * * *
You hit the ice beast but do no damage.
The ice beast is moderately wounded.
The ice beast hits you.
* * * LOW HITPOINT WARNING * * *
The ice beast freezes you!
You die...

# ##.####..#..### #.###
#.# #..#..###
#.#.###.####....>...
#..............[.###
#.#..>..............
..###....##.............
........########...#####
..###.#Y# ##.## ...#s#
#.# ### #†# #.#
.............# ...
######....>..# #
#.......# #.........
#.......## #.......#
#....[..#


You could see an ice beast (very poisoned).

Vanquished Creatures
  4 scorpions
  A howler monkey (D:5)
  Natasha (D:2)
  3 gnolls (D:4)
  4 adders
  A white imp (D:5)
  An ufetubus (D:4)
  A worm (D:4)
  4 dart slugs
  An orc (D:3)
  9 endoplasms
  2 giant cockroaches (D:1)
  5 goblins
  10 hobgoblins
  9 kobolds
  A quokka (D:1)
  3 ball pythons
  8 bats
  A frilled lizard (D:3)
  8 rats
77 creatures vanquished.

Vanquished Creatures (others)
  6 plants (D:4)
6 creatures vanquished.

Grand Total: 83 creatures vanquished

Notes
Turn   | Place    | Note
-------+----------+-------------------------------------------
     0 | D:1      | Nato the Octopode Transmuter began the quest for the Orb.
     0 | D:1      | Reached XP level 1. HP: 13/13 MP: 3/3
   295 | D:1      | Reached XP level 2. HP: 16/18 MP: 3/5
   844 | D:1      | Found a faded altar of an unknown god.
   955 | D:1      | Reached XP level 3. HP: 16/23 MP: 6/6
  1243 | D:1      | Found Getiakke's Antique Armour Emporium.
  1956 | D:2      | Noticed Natasha
  1963 | D:2      | Killed Natasha
  1964 | D:2      | Reached XP level 4. HP: 27/29 MP: 4/7
  2415 | D:2      | Learned a level 2 spell: Wereblood
  2419 | D:2      | Learned a level 3 spell: Spider Form
  2809 | D:3      | Noticed a scorpion
  3458 | D:3      | Killed a scorpion
  3459 | D:3      | Reached XP level 5. HP: 21/34 MP: 6/8
  3891 | D:4      | Identified the +4 halberd of Valuable Assets {vamp, rF+ rC+
                  | rCorr}
  3900 | D:4      | Found a transporter.
  4491 | D:4      | Found a transporter.
  4491 | D:4      | Noticed RevDB's ghost (amateur DrTm)
  4583 | D:4      | Reached XP level 6. HP: 39/41 MP: 7/9
  4741 | D:5      | Entered Level 5 of the Dungeon
  4904 | D:5      | Reached skill level 1 in Poison Magic
  4973 | D:5      | Reached XP level 7. HP: 26/46 MP: 7/10
  5035 | D:5      | Mangled by an ice beast

Illustrated notes

Levels and vault maps discovered:
D:1:      dpeg_arrival_lava_temple_mockup, layout_loops_corners, serial_shops,
          nicolae_shop_competitors_out_of_business,
          hellmonk_ecumenical_altar_prayer_group, st_stairs_1,
          minmay_misc_feat_columns, hangedman_glass_teeth,
          nicolae_concentric_dashed_squares_wild, kennysheep_nondescript
D:2:      layout_basic, uniq_natasha
D:3:      layout_loops_ring
D:4:      layout_gridville, gammafunk_ghost_gnarly_gnolls, minivault_11,
          minmay_misc_feat_rugged, minmay_close_crescents
D:5:      minmay_angry_zag, layout_loops_ring, serial_shops, kennysheep_mini,
          kennysheep_generic_room_4

Skill      XL: |  1  2  3  4  5  6 |
---------------+-------------------+-----
Transmutations | 3 4 |  4.9
Fighting       | 2 3 |  3.2
Dodging        | 3 |  3.7
Unarmed Combat | 4 |  4.0
Poison Magic   | 1 |  1.0
Spellcasting   | |  2.0

Action                   |  1- 3 |  4- 6 |  7- 9 || total
-------------------------+-------+-------+-------++-------
Melee: Unarmed           |    68 |    91 |     3 ||   162
       Kick              |    24 |    29 |       ||    53
       Constrict         |    24 |    23 |       ||    47
       Tentacles         |    15 |    21 |       ||    36
       Punch             |       |     6 |       ||     6
 Cast: Beastly Appendage |    27 |    30 |       ||    57
       Wereblood         |       |     4 |       ||     4
       Spider Form       |       |       |     1 ||     1
  Use: Scroll            |       |     2 |       ||     2
 Stab: Sleeping          |     8 |     8 |       ||    16
Armor: Skin              |     5 |     4 |       ||     9
Dodge: Dodged            |    46 |    40 |     1 ||    87

Table legend: (Time is in decaauts)
 A = Elapsed time spent in this place.
 B = Non-inter-level travel time spent in this place.
 C = Inter-level travel time spent in this place.
 D = Time resting spent in this place.
 E = Time spent auto-exploring this place.
 F = Levels seen in this place.
 G = Mean time per level.
                   A        B        C        D        E       F      G
               +--------+--------+--------+--------+--------+-----+--------+
         Total |   5023 |   4848 |    175 |    557 |   3665 |   5 | 1004.6 |
       Dungeon |   5023 |   4848 |    175 |    557 |   3665 |   5 | 1004.6 |
               +--------+--------+--------+--------+--------+-----+--------+

Top non-repeatable levels by time:
     D:1: 1531 daAuts
     D:3: 1257 daAuts
     D:4: 1058 daAuts
     D:2: 883 daAuts
     D:5: 291 daAuts
